cohdb
Replays
Latest Replays
All Replays
Popular Replays
Top Player Replays
Match Explorer
How It Works
Community
CoH3 Stats
Reddit
Sign in to upload your games and track your stats! →
Sign in with Steam
Match 42957764
Unlisted
Match 42957764
Overview
Messages
Build Orders
End
Vickers Machine Gun Team
Construct Section Command Post
Dingo Light Scout Car
Infantry Section
Infantry Section
Construct Platoon Command Post
Humber Armored Car
6-pounder Anti-tank Gun Team
Unlock Bishop Self-propelled Artillery
Selects Heavy Armor Battlegroup
Selects Rigorous Vehicle Training
Selects Forward Repair Assembly
Infantry Section
Grenade Package
Bishop Self-propelled Artillery
Bishop Self-propelled Artillery
Light Vehicle Training
Construct Company Command Post
Crusader II Medium Tank
Carecup
water
ENIGMA
AlexTheLie
UneXplain
mp1otr
MZMZ
jerjawe
0
0
Comments
sign in to comment!
No comments posted yet!